 Dungeon Crawl Stone Soup version 0.23.0 (webtiles) character file.

Game seed: 11900596692843727815

4435 zishaf the Spear-Bearer (level 10, -2/72 HPs)
             Began as a Merfolk Gladiator on Feb 19, 2019.
             Was an Initiate of Hepliaklqana.
             Slain by a two-headed ogre
             ... wielding a +0 giant spiked club
              (23 damage)
             ... on level 8 of the Dungeon.
             The game lasted 00:18:28 (10328 turns).

zishaf the Spear-Bearer (Merfolk Gladiator)        Turns: 10328, Time: 00:18:29

Health: -2/72      AC: 10    Str: 18    XL:     10   Next: 36%
Magic:  10/10      EV: 15    Int:  8    God:    Hepliaklqana [......]
Gold:   625        SH:  0    Dex: 17    Spells: 9/9 levels left

rFire    + . .     SeeInvis .   a - +0 glaive
rCold    + . .     Gourm    .   (shield currently unavailable)
rNeg     . . .     Faith    .   F - +1 ring mail {rC+}
rPois    .         Spirit   .   c - +1 helmet
rElec    .         Reflect  .   t - +0 cloak
rCorr    .         Harm     .   (no gloves)
MR       .....                  (no boots)
Stlth    +.........             (no amulet)
HPRegen  0.22/turn              n - +2 ring of dexterity
MPRegen  0.12/turn              y - ring of protection from fire

@: lightly drained
A: change form in water, swift swim, stealthy swim, reduced essence
a: Recall Ancestor, Ancestor Identity, Renounce Religion


You were on level 8 of the Dungeon.
You worshipped Hepliaklqana.
Hepliaklqana was noncommittal.
You were not hungry.

You visited 2 branches of the dungeon, and saw 9 of its levels.

You collected 625 gold pieces.

Inventory:

Hand Weapons
 a - a +0 glaive (weapon)
 b - a +0 hunting sling
 o - a +0 trident of freezing
 w - a +0 blowgun
Missiles
 d - 4 throwing nets
 g - 380 stones
 m - 16 sling bullets
 v - 37 poisoned needles
 A - 2 poisoned tomahawks (quivered)
Armour
 c - a +1 helmet (worn)
 l - a +0 plate armour
 t - a +0 cloak (worn)
 D - a +0 chain mail
 F - a +1 ring mail of cold resistance (worn)
Jewellery
 n - a +2 ring of dexterity (left hand)
 q - an uncursed ring of magical power
 y - a ring of protection from fire (right hand)
 E - an uncursed ring of fire
 L - an uncursed amulet of rage {unknown}
Wands
 B - a wand of flame (32)
 H - a wand of acid (2)
 J - a wand of iceblast (15)
Scrolls
 h - a scroll of amnesia
 j - 2 scrolls of remove curse
 r - 3 scrolls of fear
 x - 2 scrolls of teleportation
 M - 2 scrolls of fog
 N - a scroll of identify
 O - a scroll of magic mapping {unknown}
Potions
 e - 4 potions of haste
 i - a potion of heal wounds
 k - 3 potions of flight
 p - 3 potions of curing
 s - a potion of agility
 u - a potion of berserk rage
 z - a potion of magic
 C - a potion of mutation {unknown}
 G - a potion of lignification
 I - a potion of might {unknown}
 K - a potion of resistance {unknown}
Comestibles
 f - 16 rations
 P - a chunk of flesh


   Skills:
 + Level 8.2(7.9) Fighting
 - Level 14.0(13.6) Polearms
 - Level 2.0(1.7) Throwing
 + Level 5.1(4.8) Armour
 + Level 7.4(7.1) Dodging
 + Level 0.1(0.0) Invocations


You had 9 spell levels left.
You didn't know any spells.
Your spell library was empty.

Dungeon Overview and Level Annotations

Branches:
Dungeon (8/15)             Temple (1/1) D:4
   Lair: D:8-11

Altars:
Ashenzari
Dithmenos
Elyvilon
Fedhas
Gozag
Hepliaklqana
Kikubaaqudgha
Nemelex Xobeh
Ru
Sif Muna
Trog
Uskayaw
Vehumet
Xom
Yredelemnul

Shops:
D:5 =


Message History

You hit the two-headed ogre but do no damage.
The two-headed ogre is lightly wounded.
The two-headed ogre looks more healthy.
There is an open door here.
You slash the two-headed ogre!
The two-headed ogre is lightly wounded.
The two-headed ogre hits you with a +0 giant spiked club!
The two-headed ogre closely misses you.
You slash the two-headed ogre!
The two-headed ogre is heavily wounded.
You closely miss the two-headed ogre.
The two-headed ogre is heavily wounded.
The two-headed ogre hits you with a +0 giant spiked club!!
The two-headed ogre hits you with a +0 giant club!
* * * LOW HITPOINT WARNING * * *
You slash the two-headed ogre!
The two-headed ogre is heavily wounded.
The two-headed ogre barely misses you.
The two-headed ogre hits you with a +0 giant club!!
You die...

###### #....# .
############....# ..
#...รท......#....########...
##...##....@O...........'...
#8...8#.....#....########...
##...########....# .. #...#
###### . ##...## #8...8#
##...#### # #...##8###8#
##...........


You could see a two-headed ogre.

Vanquished Creatures
  A troll (D:6)
  2 steam dragons (D:6)
  A hungry ghost (D:7)
  Edmund (D:4)
  Duvessa (D:4)
  A sky beast (D:7)
  An orc warrior (D:6)
  A phantom (D:6)
  4 ogres
  4 centaurs
  7 big kobolds
  Blork the orc (D:4)
  6 bullfrogs
  Dowan (D:4)
  2 scorpions (D:5)
  4 killer bees (D:7)
  2 wights (D:8)
  An electric eel (D:6)
  4 crimson imps
  3 hounds
  2 bullfrog zombies
  A gnoll shaman (D:7)
  Crazy Yiuf (D:2)
  3 orc priests
  2 jellies (D:7)
  6 orc wizards
  A centaur skeleton (D:4)
  2 iguanas
  10 worker ants
  2 worker ant zombies
  4 gnolls (D:7)
  8 adders
  2 shadow imps
  An ooze (D:4)
  2 adder skeletons
  An adder zombie (D:5)
  3 worms
  A dart slug (D:3)
  4 leopard geckos
  16 orcs
  5 giant cockroaches
  13 goblins
  13 hobgoblins
  9 jackals
  4 quokkas
  A ball python (D:3)
  4 bats
  7 frilled lizards
  46 kobolds
  7 rats
229 creatures vanquished.

Vanquished Creatures (collateral kills)
  A wight (D:8)
1 creature vanquished.

Vanquished Creatures (others)
  An ancestor (D:8)
1 creature vanquished.

Grand Total: 231 creatures vanquished

Notes
Turn   | Place    | Note
-------+----------+-------------------------------------------
     0 | D:1      | zishaf the Merfolk Gladiator began the quest for the Orb.
     0 | D:1      | Reached XP level 1. HP: 16/16 MP: 1/1
   115 | D:1      | Reached XP level 2. HP: 22/23 MP: 2/2
   360 | D:1      | Reached skill level 5 in Polearms
   802 | D:2      | Reached XP level 3. HP: 26/28 MP: 3/3
  1503 | D:2      | Reached XP level 4. HP: 34/34 MP: 4/4
  1805 | D:2      | Reached skill level 6 in Polearms
  1843 | D:2      | Found a runed translucent door.
  1844 | D:2      | Noticed Crazy Yiuf
  1915 | D:2      | Killed Crazy Yiuf
  2392 | D:3      | Reached skill level 5 in Dodging
  2392 | D:3      | Reached XP level 5. HP: 40/41 MP: 5/5
  3410 | D:3      | Reached skill level 1 in Armour
  3510 | D:3      | Noticed a big kobold
  3538 | D:3      | Killed a big kobold
  3538 | D:3      | Reached skill level 7 in Polearms
  3538 | D:3      | Reached XP level 6. HP: 23/48 MP: 6/6
  3813 | D:3      | Reached skill level 8 in Polearms
  3860 | D:3      | Reached XP level 7. HP: 53/54 MP: 7/7
  4082 | D:3      | Reached skill level 9 in Polearms
  4652 | D:4      | Noticed Edmund
  4654 | D:4      | Noticed Blork the orc
  4685 | D:4      | Killed Edmund
  4685 | D:4      | Reached skill level 5 in Fighting
  4685 | D:4      | Reached XP level 8. HP: 43/62 MP: 8/8
  4696 | D:4      | Killed Blork the orc
  4696 | D:4      | Reached skill level 10 in Polearms
  5060 | D:5      | Entered Level 5 of the Dungeon
  5091 | D:5      | Found Huaclux's Jewellery Shop.
  5958 | D:5      | Reached skill level 11 in Polearms
  6252 | D:5      | Found a sparkling altar of Nemelex Xobeh.
  6751 | D:6      | Reached XP level 9. HP: 69/69 MP: 9/9
  6789 | D:6      | Reached skill level 12 in Polearms
  7346 | D:6      | Found an opulent altar of Gozag.
  7346 | D:6      | Found a sacrificial altar of Ru.
  7372 | D:6      | Found a white marble altar of Elyvilon.
  7372 | D:6      | Found a basalt altar of Yredelemnul.
  7374 | D:6      | Found a shadowy altar of Dithmenos.
  7375 | D:6      | Found a shattered altar of Ashenzari.
  7377 | D:6      | Found a bloodstained altar of Trog.
  7629 | D:6      | Reached skill level 13 in Polearms
  7680 | D:7      | Noticed a troll
  7705 | D:6      | Killed a troll
  8191 | D:7      | Got an opalescent robe
  8215 | D:7      | Identified the cursed +0 robe "Gazaeps" {Stlth+} (You found
                  | it on level 7 of the Dungeon)
  8613 | D:7      | Reached XP level 10. HP: 75/79 MP: 10/10
  8965 | D:7      | Reached skill level 14 in Polearms
  9298 | D:7      | Reached skill level 5 in Armour
  9862 | D:4      | Noticed Duvessa
  9862 | D:4      | Noticed Dowan
  9867 | D:4      | Killed Duvessa
  9874 | D:4      | Killed Dowan
  9920 | D:4      | Found a staircase to the Ecumenical Temple.
  9926 | Temple   | Entered the Ecumenical Temple
  9968 | Temple   | Became a worshipper of Hepliaklqana the Forgotten
 10305 | D:8      | Noticed a two-headed ogre
 10328 | D:8      | Slain by a two-headed ogre

Skill      XL: |  1  2  3  4  5  6  7  8  9 10 |
---------------+-------------------------------+-----
Polearms       | 5 6 7 8 9 11 13 14 | 14.0
Fighting       | 3 4 5 6 7 8 |  8.2
Dodging        | 5 6 7 |  7.4
Armour         | 1 2 3 4 5 |  5.1
Throwing       | |  2.0
Invocations    | |  0.1

Action                   |  1- 3 |  4- 6 |  7- 9 | 10-12 || total
-------------------------+-------+-------+-------+-------++-------
Melee: Trident           |    68 |   197 |   231 |     6 ||   502
       Tailslap          |       |     6 |     1 |       ||     7
       Glaive            |       |       |   238 |   118 ||   356
 Fire: Hunting sling     |    51 |    86 |    63 |     8 ||   208
       Blowgun           |       |       |       |     3 ||     3
Evoke: Wand              |       |     1 |     3 |       ||     4
  Use: Scroll            |       |       |    19 |     1 ||    20
       Potion            |       |       |       |     1 ||     1
 Stab: Distracted        |       |       |       |     2 ||     2
  Eat: Chunk             |     2 |     7 |    16 |     7 ||    32
Armor: Leather armour    |    18 |       |       |       ||    18
       Ring mail         |     2 |    52 |   136 |    33 ||   223
       Chain mail        |       |       |    59 |       ||    59
Dodge: Dodged            |    44 |   136 |   274 |   102 ||   556
